 Dungeon Crawl Stone Soup version 0.28-a0-981-g945c40e (webtiles) character file.

Game seed: 5591889644535971001

3038 Illumine the Nimble (level 9, -7/40 HPs)
             Began as a Felid Air Elementalist on Sept 29, 2021.
             Was a Believer of Vehumet.
             Shot with an arrow by a centaur warrior (18 damage)
             ... on level 10 of the Dungeon on Dec 2, 2021.
             The game lasted 00:37:11 (15131 turns).

Illumine the Nimble (Felid Air Elementalist)       Turns: 15131, Time: 00:37:12

Health: -7/40      AC:  2    Str:  4    XL:     9   Next: 56%
Magic:  5/20       EV: 22    Int: 27    God:    Vehumet [**....]
Gold:   498        SH:  5    Dex: 16    Spells: 0/21 levels left
                                        Lives:  0   Deaths: 3

rFire   . . .      SeeInvis +   (weapon unavailable)
rCold   . . .      Faith    .   (shield unavailable)
rNeg    . . .      Spirit   .   (armour unavailable)
rPois   +          Reflect  +   (helmet unavailable)
rElec   .          Harm     .   (cloak unavailable)
rCorr   .          Rampage  .   (gloves unavailable)
Will    +++..                   (boots unavailable)
Stlth   ++........              h - amulet "Kiczownaoqu" {Reflect Will++ SH+5}
HPRegen 0.13/turn               l - ring of flight
MPRegen 0.17/turn               p - ring "Daaneus" {rPois Int+6}

@: about to teleport, flying, quick
A: very small, claws 1, fangs 3, see invisible, speed 1, shaggy fur 2, stealthy
paws, no weapons or thrown items, no armour, multi-lived
a: Renounce Religion


You were on level 10 of the Dungeon.
You worshipped Vehumet.
Vehumet was pleased with you.
You visited 2 branches of the dungeon, and saw 12 of its levels.

You collected 498 gold pieces.

Inventory:

Jewellery
 h - the amulet "Kiczownaoqu" (around neck) {Reflect Will++ SH+5}
   (You acquired it on level 6 of the Dungeon)

   [amulet of reflection]

   It reflects blocked missile attacks.
   SH:        It affects your SH (+5).
   Will:      It greatly increases your willpower.
 l - a ring of flight (left paw)
 p - the ring "Daaneus" (right paw) {rPois Int+6}
   (You acquired it on level 7 of the Dungeon)

   [ring of intelligence]

   Int:       It affects your intelligence (+6).
   rPois:     It protects you from poison.
 x - a ring of wizardry
Wands
 b - a wand of flame (23)
 d - a wand of acid (9)
 v - a wand of mindburst (13)
Scrolls
 c - a scroll of blinking {unknown}
 f - a scroll of vulnerability {unknown}
 g - a scroll of amnesia {unknown}
 i - 2 scrolls of immolation
 m - a scroll of fog
 n - a scroll of magic mapping {unknown}
 o - a scroll of enchant armour {unknown}
 r - a scroll of teleportation
 t - a scroll of noise {unknown}
 w - a scroll of holy word {unknown}
Potions
 a - a potion of brilliance
 e - a potion of berserk rage
 j - 2 potions of haste
 k - a potion of lignification {unknown}
 q - a potion of curing {unknown}
 s - a potion of cancellation
 u - 2 potions of heal wounds


   Skills:
 + Level 5.5 Fighting
 + Level 8.5 Dodging
 - Level 2.6 Stealth
 + Level 6.9 Spellcasting
 + Level 4.7 Conjurations
 - Level 2.2 Necromancy
 * Level 7.3 Translocations
 + Level 7.6 Air Magic
 - Level 2.1 Poison Magic


You couldn't memorise any spells.
You knew the following spells:

 Your Spells              Type           Power      Damage    Failure   Level
a - Shock                 Conj/Air       100%       1d9       1%          1
b - Static Discharge      Conj/Air       42%        N/A       1%          2
c - Swiftness             Air            50%        N/A       1%          3
d - Poisonous Vapours     Pois/Air       70%        N/A       1%          2
e - Corpse Rot            Necr/Air       70%        N/A       1%          2
f - Airstrike             Air            25%        N/A       2%          4
g - Blink                 Tloc           96%        N/A       1%          2
h - Manifold Assault      Tloc           48%        N/A       9%          5

Your spell library contained the following spells:

 Spells                   Type           Power      Damage    Failure   Level
 Searing Ray              Conj           68%        2d6       1%          2
 Lesser Beckoning         Tloc           48%        N/A       1%          3
 Sticky Flame             Conj/Fire      22%        2d4       22%         4
 Dispel Undead            Necr           21%        3d11      24%         4


Dungeon Overview and Level Annotations

Branches:
Dungeon (11/15)            Temple (1/1) D:7
   Lair: D:8-11         Orc: D:9-12

Altars:
Elyvilon
Fedhas
Gozag
Nemelex Xobeh
Okawaru
Qazlal
Sif Muna
Trog
Uskayaw
Vehumet
Wu Jian
Xom
Zin

Shops:
D:1 ?   D:4 :   D:6 =

Annotations:
D:4 Grinder
D:5 2 runed translucent doors, Fronzalo's ghost, novice DsGl


Innate Abilities, Weirdness & Mutations

You have sharp claws.
You have razor-sharp teeth.
You have supernaturally acute eyesight. (SInv)
You cover ground quickly. (Speed+)
You are covered in thick fur. (AC +2)
Your paws help you pounce on unaware monsters.
You are incapable of wielding weapons or throwing items.
You cannot wear armour.
You gain extra lives every three experience levels.


Message History

The gnoll shaman hits you with a +0 whip.
Casting: Manifold Assault (quite dangerous; 9% risk of failure)
Confirm with . or Enter, or press ? or * to list all spells.
Okay, then.
Casting: Manifold Assault (quite dangerous; 9% risk of failure)
Confirm with . or Enter, or press ? or * to list all spells.
You blink.
The orc throws a stone.
You reflect the stone off an invisible shield around you!
The stone hits the orc but does no damage.
Unknown command.
Casting: Blink (safe; 1% risk of failure)
Confirm with . or Enter, or press ? or * to list all spells.
You are still too unstable to blink.
Unknown command.
You feel stable enough to blink again.
The orc knight hits you with a +1 long sword!
An orc warrior comes into view.
It is wielding a +2 vorpal flail and wearing the +4 plate armour of Paoruasm {rC+ Int+2 Dex+3}.
The orc warrior shouts!
The orc knight completely misses you.
The centaur unwields a +0 whip.
The centaur wields a +0 shortbow.
The centaur shoots an arrow.
The arrow hits you.
Casting: Blink (safe; 1% risk of failure)
Confirm with . or Enter, or press ? or * to list all spells.
You blink.
A yak and an orc wizard come into view.
The orc wizard is wielding a +2 dagger of draining.
The troll shouts!
The yak bellows!
The orc wizard shouts!
You hear a shout! x2
The centaur shoots an arrow.
The arrow hits you!
* * * LOW HITPOINT WARNING * * *
The centaur warrior shoots an arrow.
The arrow closely misses you.
The orc wizard moves out of view.
Things that are here:
a +0 dagger; 2 poisoned darts The orc knight roars a battlecry!
The orc goes into a battle-frenzy!
As you read the scroll of teleportation, it crumbles to dust.
You feel strangely unstable.
The centaur shoots an arrow.
The arrow misses you.
The centaur warrior shoots an arrow.
The arrow barely misses you.
The centaur warrior shoots an arrow.
The arrow hits you!!
You die...

.....T. ## ....... . ..#
...#### ..######'## ...#
.c........# ...# #
..........# ...# .
#...........# ...#
..#'#######...# ##### ...#
8.........#...# ##...##
....Y8....#@(.######.....#
..:.....o.#...#..........#
#'###...######.....#
#.c.)o..# ##...##
#..)c...# ##.## #...o...#
######.## ######+#
#.c.##### #...[...###
.......# #...# #.........#
o......# #..)###
#.........#


You could see an orc knight, a centaur warrior and an orc (strong).

Vanquished Creatures
  A boulder beetle (D:10)
  A centaur warrior (D:10)
  Maggie (D:9)
  A shadow (D:9)
  6 yaks
  A wyvern (D:8)
  3 water moccasins
  An ice beast (D:8)
  3 orc warriors
  3 black bears
  A necrophage (D:6)
  An ogre (D:6)
  3 centaurs
  2 kobold brigands
  A bullfrog (D:7)
  2 scorpions
  3 killer bees (D:9)
  2 howler monkeys
  5 centaur zombies
  A jelly (D:6)
  2 centaur skeletons (D:7)
  2 orc priests (D:7)
  2 hounds (D:5)
  A gnoll shaman (D:8)
  4 iguanas
  4 orc wizards
  2 killer bee zombies (D:9)
  A hound skeleton (D:4)
  11 gnolls
  6 adders
  A shadow imp (D:5)
  2 white imps
  An adder zombie (D:5)
  4 worms
  4 dart slugs
  27 orcs
  6 ball pythons
  6 bats
  9 endoplasms
  6 giant cockroaches
  9 goblins
  8 hobgoblins
  3 jackals (D:1)
  2 quokkas (D:1)
  3 frilled lizards
  15 kobolds
  4 rats
187 creatures vanquished.

Vanquished Creatures (others)
  A fungus (D:8)
  3 plants (D:8)
4 creatures vanquished.

Grand Total: 191 creatures vanquished

Notes
Turn   | Place    | Note
-------+----------+-------------------------------------------
     0 | D:1      | Illumine the Felid Air Elementalist began the quest for the
                  | Orb.
     0 | D:1      | Reached XP level 1. HP: 7/7 MP: 4/4
    22 | D:1      | Reached skill level 1 in Conjurations
   436 | D:1      | Reached XP level 2. HP: 11/11 MP: 4/6
   439 | D:1      | Learned a level 2 spell: Static Discharge
   678 | D:1      | Upgraded the game from 0.28-a0-561-gc724527 to
                  | 0.28-a0-622-gbaef9634
  1279 | D:1      | Reached XP level 3. HP: 10/14 MP: 5/7
  1386 | D:1      | Learned a level 3 spell: Swiftness
  1607 | D:1      | Found Zatz's Magic Scroll Shoppe.
  1717 | D:1      | Upgraded the game from 0.28-a0-622-gbaef9634 to
                  | 0.28-a0-626-g35d0774
  3729 | D:3      | Reached XP level 4. HP: 18/18 MP: 6/9
  4025 | D:3      | Reached skill level 3 in Dodging
  4826 | D:4      | Reached skill level 1 in Fighting
  4827 | D:4      | Reached XP level 5. HP: 22/22 MP: 2/10
  4889 | D:3      | Learned a level 2 spell: Poisonous Vapours
  4892 | D:3      | Learned a level 2 spell: Corpse Rot
  5056 | D:4      | Found Ezxoaraso's Book Shoppe.
  5149 | D:4      | Found a bloodstained altar of Trog.
  5303 | D:4      | Upgraded the game from 0.28-a0-626-g35d0774 to
                  | 0.28-a0-691-gad6df49
  5731 | D:4      | Noticed Grinder
  5753 | D:5      | Entered Level 5 of the Dungeon
  5768 | D:5      | Noticed a black bear
  5882 | D:5      | Reached skill level 1 in Necromancy
  5882 | D:5      | Reached skill level 1 in Poison Magic
  5882 | D:5      | Gained mutation: You are covered in thick fur. (AC +2)
                  | [Felid growth]
  5882 | D:5      | Reached XP level 6. HP: 25/25 MP: 5/12
  6330 | D:5      | Found a runed translucent door.
  6331 | D:5      | Noticed Fronzalo's ghost (novice DsGl)
  6392 | D:5      | Found a runed translucent door.
  6719 | D:6      | Found a shimmering altar of Xom.
  6749 | D:6      | Reached skill level 4 in Dodging
  6927 | D:6      | Reached XP level 7. HP: 28/28 MP: 7/14
  6975 | D:6      | Found Weekkim's Jewellery Shop.
  7790 | D:6      | HP: 1/28 [poisoned by a scorpion]
  7791 | D:6      | Succumbed to a scorpion's poison
  7792 | D:6      | Reached XP level 6. HP: 0/25 MP: 12/13
  7934 | D:6      | Shot with an arrow by a centaur
  7935 | D:6      | Reached XP level 5. HP: -11/22 MP: 12/12
  7935 | D:6      | Upgraded the game from 0.28-a0-691-gad6df49 to
                  | 0.28-a0-728-g0181a31
  7935 | D:6      | Upgraded the game from 0.28-a0-728-g0181a31 to
                  | 0.28-a0-793-g31680bb
  7935 | D:6      | Upgraded the game from 0.28-a0-793-g31680bb to
                  | 0.28-a0-794-gafe8c5f
  7935 | D:6      | Upgraded the game from 0.28-a0-794-gafe8c5f to
                  | 0.28-a0-820-g68644de
  8025 | D:6      | Killed a centaur
  8026 | D:6      | Reached XP level 6. HP: 4/25 MP: 7/13
  8420 | D:6      | Identified a scroll of acquirement
  8421 | D:6      | Acquired the amulet "Kiczownaoqu" {Reflect Will++ SH+5}
  8651 | D:6      | Reached skill level 5 in Dodging
  8893 | D:7      | Found a staircase to the Ecumenical Temple.
  8902 | Temple   | Entered the Ecumenical Temple
  8909 | Temple   | Became a worshipper of Vehumet
  8950 | D:7      | Reached skill level 5 in Spellcasting
  9083 | D:7      | Reached XP level 7. HP: 29/29 MP: 10/15
  9095 | D:7      | Learned a level 4 spell: Airstrike
  9612 | D:7      | Reached skill level 5 in Air Magic
  9966 | D:7      | Found a hide-covered altar of Uskayaw.
 10221 | D:7      | Acquired the ring "Daaneus" {rPois Int+6}
 10411 | D:8      | Reached XP level 8. HP: 34/34 MP: 8/17
 10494 | D:8      | Learned a level 2 spell: Blink
 10598 | D:8      | Reached skill level 6 in Dodging
 10598 | D:8      | Reached skill level 1 in Translocations
 10678 | D:8      | Upgraded the game from 0.28-a0-820-g68644de to
                  | 0.28-a0-821-g923ab73
 10686 | D:8      | Reached * piety under Vehumet
 10686 | D:8      | Offered knowledge of Sandblast by Vehumet.
 10719 | D:8      | Found a blossoming altar of Fedhas.
 11528 | D:8      | Reached XP level 9. HP: 39/39 MP: 8/19
 11543 | D:8      | Reached skill level 7 in Dodging
 12170 | D:8      | Noticed an elephant
 12286 | D:9      | Upgraded the game from 0.28-a0-821-g923ab73 to
                  | 0.28-a0-823-gb444dcf
 12286 | D:9      | Upgraded the game from 0.28-a0-823-gb444dcf to
                  | 0.28-a0-828-g0121872
 12988 | D:9      | Noticed Maggie
 13119 | D:9      | Killed Maggie
 13120 | D:9      | Reached skill level 5 in Translocations
 13534 | D:10     | Entered Level 10 of the Dungeon
 13557 | D:10     | Reached skill level 8 in Dodging
 13725 | D:10     | Noticed a centaur warrior
 13729 | D:10     | Killed a centaur warrior
 13730 | D:10     | Reached skill level 5 in Fighting
 13730 | D:10     | Reached XP level 10. HP: 12/44 MP: 3/21
 14009 | D:9      | Offered knowledge of Searing Ray by Vehumet.
 14142 | D:10     | Noticed a cyclops
 14149 | D:10     | Noticed a boulder beetle
 14155 | D:10     | Demolished by a boulder beetle
 14156 | D:10     | Reached XP level 9. HP: -14/40 MP: 20/20
 14163 | D:9      | Upgraded the game from 0.28-a0-828-g0121872 to
                  | 0.28-a0-843-gb979743
 14167 | D:10     | Noticed a centaur warrior
 14180 | D:10     | HP: 1/40 [centaur warrior/arrow (14)]
 14183 | D:10     | Noticed a two-headed ogre
 14187 | D:10     | Killed a boulder beetle
 14601 | D:11     | Noticed a tengu conjurer
 14679 | D:10     | Learned a level 5 spell: Manifold Assault
 14693 | D:10     | Upgraded the game from 0.28-a0-843-gb979743 to
                  | 0.28-a0-981-g945c40e
 14700 | D:10     | Reached ** piety under Vehumet
 14908 | D:10     | Noticed a cyan ugly thing
 14926 | D:10     | Noticed a troll
 14927 | D:10     | Noticed an orc knight
 15125 | D:10     | Identified the +4 plate armour of Paoruasm {rC+ Int+2
                  | Dex+3}
 15131 | D:10     | Shot with an arrow by a centaur warrior

Illustrated notes

Levels and vault maps discovered:
D:1:      dpeg_arrival_morbid_curiosity, layout_basic, serial_shops,
          nicolae_shop_stone
D:2:      layout_loops_corners, kennysheep_small_spiral, st_stairs_14
D:3:      layout_basic, ebering_dispersal_statue_hall
D:4:      layout_rooms, worldfamousw_hep_ancestral_shrine, bloody_trog,
          mainiacjoe_overflow_big_doors, serial_shops, nicolae_stop_n_shop_2,
          uniq_grinder
D:5:      layout_basic, kennysheep_little_box, general_overflow_altar,
          nicolae_ru_path_of_blood, ebering_ghost_sewer_f,
          nicolae_ossuary_entry_catacombs, minmay_diced_spiral
D:6:      layout_basic, overflow_temple_1_default, serial_shops, shop,
          kennysheep_big_empty_room
D:7:      layout_cave_pools, nicolae_uskayaw_dance_hall, temple_hall
D:8:      layout_basic, old_standard_altar, david_lair_generic
D:9:      layout_gridville, uniq_maggie
D:10:     kennysheep_blocky_room, layout_loops_corners,
          minmay_orc_entry_guard_dogs, minmay_bent
D:11:     layout_basic, hangedman_abyss_or_decor_stagger
Temple:   nicolae_temple_x_marks_the_god

Skill      XL: |  1  2  3  4  5  6  7  8  9 |
---------------+----------------------------+-----
Conjurations   | 1 2 3 4 |  4.7
Air Magic      | 3 4 5 6 7 |  7.6
Dodging        | 3 5 6 8 |  8.5
Spellcasting   | 3 5 6 |  6.9
Fighting       | 1 2 3 5 |  5.5
Necromancy     | 1 2 |  2.2
Poison Magic   | 1 2 |  2.1
Translocations | 3 7 |  7.3
Stealth        | |  2.6

Action                   |  1- 3 |  4- 6 |  7- 9 | 10-12 || total
-------------------------+-------+-------+-------+-------++-------
Melee: Unarmed           |    21 |    14 |    27 |       ||    62
       Bite              |     3 |     2 |     2 |       ||     7
 Cast: Shock             |    98 |   162 |   156 |     2 ||   418
       Poisonous Vapours |       |    26 |    75 |     4 ||   105
       Static Discharge  |       |     1 |       |       ||     1
       Swiftness         |       |     1 |       |       ||     1
       Airstrike         |       |       |    42 |     3 ||    45
       Blink             |       |       |     6 |       ||     6
       Manifold Assault  |       |       |     2 |       ||     2
Evoke: Wand              |       |     1 |     3 |       ||     4
  Use: Scroll            |       |     6 |     8 |       ||    14
       Potion            |       |       |     4 |       ||     4
 Stab: Sleeping          |     1 |       |       |       ||     1
Armor: Skin              |     2 |     7 |     7 |       ||    16
Dodge: Dodged            |    20 |    56 |   100 |     3 ||   179
Block: Other             |       |     3 |    24 |       ||    27
       Reflection        |       |       |     8 |       ||     8

Table legend: (Time is in decaauts)
 A = Elapsed time spent in this place.
 B = Non-inter-level travel time spent in this place.
 C = Inter-level travel time spent in this place.
 D = Time resting spent in this place.
 E = Time spent auto-exploring this place.
 F = Levels seen in this place.
 G = Mean time per level.
                   A        B        C        D        E       F      G
               +--------+--------+--------+--------+--------+-----+--------+
         Total |  13825 |  13293 |    532 |   4824 |   6353 |  12 | 1152.1 |
       Dungeon |  13812 |  13285 |    527 |   4824 |   6353 |  11 | 1255.6 |
        Temple |     12 |      8 |      4 |      0 |      0 |   1 |   12.0 |
               +--------+--------+--------+--------+--------+-----+--------+

Top non-repeatable levels by time:
     D:1: 2107 daAuts
     D:6: 1952 daAuts
     D:7: 1580 daAuts
     D:8: 1530 daAuts
     D:9: 1401 daAuts
     D:3: 1320 daAuts
     D:2: 1257 daAuts
    D:10: 883 daAuts
     D:5: 841 daAuts
     D:4: 523 daAuts
    D:11: 414 daAuts
  Temple: 12 daAuts
